 Dungeon Crawl Stone Soup version 0.29.1-1-gd02db6906a (webtiles) character file.

Game seed: 11197819593465441948

394 corgi the Cudgeller (level 6, -3/93 HPs)
             Began as a Troll Berserker on Oct 9, 2022.
             Was a Priest of Trog.
             Slain by a river rat (6 damage)
             ... summoned by Eustachio
             ... on level 5 of the Dungeon.
             The game lasted 00:05:14 (2644 turns).

corgi the Cudgeller (Troll Berserker)               Turns: 2644, Time: 00:05:15

Health: -3/93      AC:  5    Str: 32      XL:     6   Next: 51%
Magic:  5/5        EV:  9    Int:  3      God:    Trog [***...]
Gold:   206        SH:  5    Dex:  4 (11) Spells: 5/5 levels left

rFire   . . .      SeeInvis .   a - +0 mace
rCold   . . .      Faith    .   (no shield)
rNeg    . . .      Spirit   .   b - +0 animal skin
rPois   .          Reflect  +   (helmet restricted)
rElec   .          Harm     .   e - +0 cloak
rCorr   .          Rampage  .   (gloves unavailable)
Will    .....                   (boots unavailable)
Stlth   ..........              f - amulet of reflection
HPRegen 1.05/turn               j - ring of flight
MPRegen 0.09/turn               p - +6 ring of strength

@: berserking, flying, very quick
A: large, unfitting armour, claws 3, regeneration 1, shaggy fur 1, tough skin 1
a: Renounce Religion, Berserk, Trog's Hand


You were on level 5 of the Dungeon.
You worshipped Trog.
Trog was most pleased with you.
You visited 1 branch of the dungeon, and saw 5 of its levels.

You collected 206 gold pieces.

Inventory:

Hand Weapons
 a - a +0 mace (weapon)
Armour
 b - a +0 animal skin (worn)
 e - a +0 cloak (worn)
Jewellery
 f - an amulet of reflection (around neck)
 j - a ring of flight (left claw)
 p - a +6 ring of strength (right claw)
Wands
 m - a wand of flame (12)
Scrolls
 d - 2 scrolls of enchant armour {unknown}
 g - a scroll of noise {unknown}
 h - 2 scrolls of identify {unknown}
 i - 2 scrolls of magic mapping {unknown}
 n - a scroll of poison {unknown}
 o - 2 scrolls of vulnerability {unknown}
Potions
 c - 3 potions of curing {unknown}
 k - a potion of brilliance
 l - a potion of magic {unknown}


   Skills:
 + Level 3.7 Fighting
 + Level 4.1 Maces & Flails
 + Level 3.6 Dodging
 + Level 3.0 Unarmed Combat


You had 5 spell levels left.
You didn't know any spells.
Your spell library was empty.

Dungeon Overview and Level Annotations

Branches:
Dungeon (5/15)
 Temple: D:4-7

Altars:

Shops:
D:1 [

Annotations:
D:5 Eustachio


Innate Abilities, Weirdness & Mutations

You are too large for most types of armour.
You have claws for hands.
Your natural rate of healing is unusually fast.
You are covered in fur. (AC +1)
You have tough skin. (AC +1)


Message History

You hit Eustachio.
Eustachio is lightly wounded.
The bat misses you. The bat hits you.
* * * LOW HITPOINT WARNING * * *
The river rat barely misses you. Eustachio barely misses you.
You miss Eustachio.
Eustachio is lightly wounded.
You block the bat's attack. The river rat barely misses you.
You block the bat's attack. Eustachio hits you with a +0 falchion!
* * * LOW HITPOINT WARNING * * *
You hit Eustachio.
Eustachio is lightly wounded.
You feel less porcine.
Your +0 mace unmelds from your body.
Your +0 cloak unmelds from your body.
Your +0 animal skin unmelds from your body.
Your ring of flight unmelds from your body.
Your +6 ring of strength unmelds from your body.
You fly up into the air.
You feel stronger. The bat closely misses you.
The river rat bites you but does no damage.
Eustachio hits you with a +0 falchion.
* * * LOW HITPOINT WARNING * * *
The bat completely misses you.
A red film seems to cover your vision as you go berserk!
You feel yourself moving faster!
You feel mighty! The bat closely misses you.
The bat hits you but does no damage.
The river rat bites you but does no damage.
Eustachio hits you with a +0 falchion.
* * * LOW HITPOINT WARNING * * *
You miss Eustachio.
Eustachio is lightly wounded.
The bat closely misses you.
The river rat bites you but does no damage.
Eustachio hits you with a +0 falchion!
* * * LOW HITPOINT WARNING * * *
You sock Eustachio!
Eustachio is heavily wounded.
You block the bat's attack. The river rat bites you.
You die...

../ ... ... #.# #.#
#.# #######b#
#...)....r# #.
#.#######@# ..# #.#
#@# .... #.# #b# #
..#.. #.# #r##.#
.....##.#######....#
............)......#
............).$..?.#
.....##.#########..#
..# #.# ..#


You could see Eustachio, a river rat (summoned), 2 bats and a rat (summoned).

Vanquished Creatures
  A scorpion (D:4)
  3 wights (D:5)
  An orc priest (D:4)
  An iguana (D:4)
  2 adders
  A white imp (D:5)
  A worm (D:2)
  A dart slug (D:2)
  15 orcs
  2 ball pythons
  7 endoplasms
  A giant cockroach (D:2)
  6 goblins
  11 hobgoblins
  5 jackals
  3 kobolds
  2 quokkas (D:1)
  2 bats
  8 frilled lizards
  6 rats
79 creatures vanquished.

Notes
Turn   | Place    | Note
-------+----------+-------------------------------------------
     0 | D:1      | corgi the Troll Berserker began the quest for the Orb.
     0 | D:1      | Reached XP level 1. HP: 22/22 MP: 0/0
    45 | D:1      | Reached XP level 2. HP: 29/29 MP: 1/1
   104 | D:1      | Found Waklagia's Antique Armour Boutique.
   124 | D:1      | Reached skill level 1 in Unarmed Combat
   151 | D:1      | Reached skill level 3 in Maces & Flails
   230 | D:1      | Reached ** piety under Trog
   310 | D:1      | Found a faded altar of an unknown god.
   333 | D:1      | Reached XP level 3. HP: 36/36 MP: 2/2
  1478 | D:3      | Reached XP level 4. HP: 44/44 MP: 3/3
  1943 | D:4      | Noticed a scorpion
  1950 | D:4      | Killed a scorpion
  1951 | D:4      | Reached XP level 5. HP: 53/53 MP: 4/4
  1965 | D:4      | Reached *** piety under Trog
  2422 | D:5      | Entered Level 5 of the Dungeon
  2436 | D:5      | Reached XP level 6. HP: 19/61 MP: 5/5
  2440 | D:5      | Reached skill level 4 in Maces & Flails
  2442 | D:5      | HP: 4/88 [wight/+4 battleaxe (7)]
  2522 | D:5      | Noticed Eustachio
  2643 | D:5      | HP: 2/93 [Eustachio/+0 falchion (8)]
  2644 | D:5      | Slain by a river rat

Illustrated notes

Levels and vault maps discovered:
D:1:      dpeg_arrival_windows_large_door, layout_rooms, basic_ecumenical_altar,
          serial_shops, shop
D:2:      layout_rooms
D:3:      layout_basic, serial_corexii_hall, corexii_hall_statues_i,
          corexii_hall_statues_u, corexii_hall_statues_t, corexii_hall_statues_x
D:4:      layout_gridville, dreamdust_princess_corridor, hangedman_decor_growths
D:5:      layout_loops_ring, grunt_temple_overflow_open, uniq_eustachio

Skill      XL: |  1  2  3  4  5  6 |
---------------+-------------------+-----
Unarmed Combat | 1 2 3 |  3.0
Maces & Flails | 3 4 |  4.1
Fighting       | 3 |  3.7
Dodging        | 3 |  3.6

Action                   |  1- 3 |  4- 6 || total
-------------------------+-------+-------++-------
Melee: Mace              |   139 |   178 ||   317
       Punch             |     4 |     1 ||     5
       Unarmed           |       |    24 ||    24
Invok: Berserk           |       |     3 ||     3
       Trog's Hand       |       |     1 ||     1
Armor: Animal skin       |    56 |   200 ||   256
Dodge: Dodged            |    85 |   246 ||   331
Block: Other             |     7 |   118 ||   125
